 Seeded DCSS version 0.30.1 (webtiles) character file.

Game seed: 7229806256980976716 (custom seed)

7 McKennaii the Firebug (level 1, 14/14 HPs)
             Began as a Demigod Fire Elementalist on July 13, 2023.
             Quit the game on level 1 of the Dungeon.
             The game lasted 00:00:28 (419 turns).

McKennaii the Firebug (Demigod Fire Elementalist)    Turns: 419, Time: 00:00:28

Health: 14/14      AC:  2    Str:  9    XL:     1   Next: 66%
Magic:  5/5        EV: 12    Int: 17    God:
Gold:   30         SH:  0    Dex: 14    Spells: 3/4 levels left

rFire   . . .        (no weapon)
rCold   . . .        (no shield)
rNeg    . . .        a - +0 robe
rPois   .            (no helmet)
rElec   .            (no cloak)
rCorr   .            (no gloves)
SInv    .            (no boots)
Will    .....        (no amulet)
Stlth   ++           (no ring)
HPRegen 0.22/turn    (no ring)
MPRegen 0.09/turn

%: no passive effects
@: no status effects
A: high MP 1, forlorn, divine attributes
a: no special abilities


You were on level 1 of the Dungeon.
You visited 1 branch of the dungeon, and saw 1 of its levels.

You collected 30 gold pieces.

Inventory:

Missiles
 c - a throwing net
Armour
 a - a +0 robe (worn)
Scrolls
 d - 2 scrolls of amnesia {unknown}
 e - 2 scrolls of acquirement
 f - a scroll of teleportation {unknown}
Potions
 b - a potion of magic


   Skills:
 - Level 1.7 Dodging
 - Level 1.7 Stealth
 + Level 2.0 Spellcasting
 + Level 1.2 Conjurations
 + Level 2.8 Fire Magic


You had 3 spell levels left.
You knew the following spells:

 Your Spells              Type           Power      Damage    Failure   Level
a - Foxfire               Conj/Fire      32%        2x1d5     9%          1

Your spell library contained the following spells:

 Spells                   Type           Power      Damage    Failure   Level
 Scorch                   Fire           22%        2d5       9%          2
 Inner Flame              Hex/Fire       6%         N/A       32%         3
 Volatile Blastmotes      Fire/Tloc      12%        2d11      32%         3
 Flame Wave               Conj/Fire      8%         2d5       63%         4


Dungeon Overview and Level Annotations

Branches:
Dungeon (1/15)


Innate Abilities, Weirdness & Mutations

You have an increased reservoir of magic. (+10% MP)
You shall have no god before yourself.
Your divine heritage dramatically boosts your attributes as you level up.


Message History

Your magical contamination has completely faded away.
You conjure some foxfire!
The foxfire hits the giant cockroach.
You kill the giant cockroach!
Your foxfire dissipates!
A goblin and a ball python come into view.
You conjure some foxfire!
The foxfire hits the goblin.
You kill the goblin!
The ball python hisses angrily.
You conjure some foxfire!
The foxfire hits the ball python.
The ball python is severely wounded.
The foxfire hits the ball python.
You kill the ball python!
You conjure some foxfire!
You conjure some foxfire!
Your foxfire dissipates! x3
You conjure some foxfire!
Your foxfire dissipates! x2
You are out of magic!
Your foxfire dissipates! x2
You now have 30 gold pieces (gained 13).
A bat comes into view.
You miscast Foxfire.
You are very lightly contaminated with residual magic.
Nothing appears to happen.
You conjure some foxfire!
You miscast Foxfire.
Nothing appears to happen.
The foxfire hits the bat.
The bat is moderately wounded.
The foxfire hits the bat.
You kill the bat!
Your Spellcasting skill increases to level 2!
You conjure some foxfire!
You miscast Foxfire.
Nothing appears to happen.
Your foxfire dissipates! x2
Your magical contamination has completely faded away.
Found 5 stones.
This is a scroll of acquirement!
Something appears at your feet!
Are you sure you want to abandon this character and quit the game? (Confirm with "yes".)

#.# . #.# ..( #.#
#..###### #.#
#......@# #.#
....#####.# #.# #
#.## ##.# #..#
#..# #####.# #.##
# ..# #.#
######.##### #.#
#.# #...........
#.# #.#
#..##+#'#+## #.#
#.########.#.#.##


There were no monsters in sight!

Vanquished Creatures
  A giant cockroach (D:1)
  A goblin (D:1)
  A hobgoblin (D:1)
  A quokka (D:1)
  A ball python (D:1)
  A bat (D:1)
6 creatures vanquished.

Vanquished Creatures (collateral kills)
  A foxfire (D:1)
1 creature vanquished.

Vanquished Creatures (others)
  33 foxfires (D:1)
33 creatures vanquished.

Grand Total: 40 creatures vanquished

Notes
Turn   | Place    | Note
-------+----------+-------------------------------------------
     0 | D:1      | McKennaii the Demigod Fire Elementalist began the quest for
                  | the Orb.
     0 | D:1      | Reached XP level 1. HP: 14/14 MP: 5/5
   111 | D:1      | Reached skill level 1 in Conjurations
   418 | D:1      | Identified 3 scrolls of acquirement
   418 | D:1      | Acquired 448 gold pieces
   419 | D:1      | Quit the game

Illustrated notes

Levels and vault maps discovered:
D:1:      spicycebolla_arrival_ecumenical, layout_loops_ring

Skill      XL: |  1 |
---------------+----+-----
Conjurations   | 1 |  1.2
Spellcasting   | 2 |  2.0
Dodging        | |  1.7
Stealth        | |  1.7
Fire Magic     | |  2.8

Action                     || total
---------------------------++-------
   Cast: Foxfire           ||    20
    Use: Scroll            ||     1
